 Dungeon Crawl Stone Soup version 0.29.0 (webtiles) character file.

Game seed: 4698497085183993330

41 smazza the Ruffian (level 3, 0/28 HPs)
             Began as a Draconian Transmuter on Sept 17, 2022.
             Was an Initiate of Yredelemnul.
             Slain by a gnoll
             ... wielding a +0 flail
              (11 damage)
             ... on level 3 of the Dungeon.
             The game lasted 00:05:29 (2337 turns).

smazza the Ruffian (Draconian Transmuter)           Turns: 2337, Time: 00:05:30

Health: 0/28       AC:  5    Str: 12    XL:     3   Next: 32%
Magic:  5/6        EV: 12    Int: 15    God:    Yredelemnul [......]
Gold:   67         SH:  0    Dex: 11    Spells: 0/6 levels left

rFire   . . .      SeeInvis .     - Unarmed
rCold   . . .      Faith    .   (no shield)
rNeg    . . .      Spirit   .   (body armour unavailable)
rPois   .          Reflect  .   (helmet currently unavailable)
rElec   .          Harm     .   (no cloak)
rCorr   .          Rampage  .   (no gloves)
Will    .....                   (boots currently unavailable)
Stlth   +.........              (no amulet)
HPRegen 0.09/turn               (no ring)
MPRegen 0.10/turn               (no ring)

@: appendages
A: horns 2, talons 2, AC +5, unfitting armour, cold-blooded
a: End Transformation, Renounce Religion, Recall Undead Harvest


You were on level 3 of the Dungeon.
You worshipped Yredelemnul.
Yredelemnul was noncommittal.
You had temporarily grown beastly horns and talons.
You visited 1 branch of the dungeon, and saw 3 of its levels.

You collected 67 gold pieces.

Inventory:

Jewellery
 c - an amulet of faith
 f - a ring of ice
Scrolls
 b - 2 scrolls of butterflies {unknown}
 j - a scroll of teleportation {unknown}
 m - a scroll of identify {unknown}
 n - a scroll of fear {unknown}
Potions
 a - a potion of lignification
 d - a potion of degeneration {unknown}
 e - a potion of magic {unknown}
 g - a potion of flight {unknown}
 h - a potion of invisibility {unknown}
 i - 2 potions of heal wounds {unknown}
 k - a potion of brilliance {unknown}
 l - 2 potions of curing {unknown}


   Skills:
 - Level 1.1 Fighting
 - Level 1.7 Dodging
 * Level 3.6 Unarmed Combat
 + Level 2.3 Spellcasting
 * Level 2.6 Transmutations
 * Level 0.3 Poison Magic


You couldn't memorise any spells.
You knew the following spells:

 Your Spells              Type           Power      Damage    Failure   Level
a - Beastly Appendage     Tmut           18%        N/A       7%          1
b - Wereblood             Tmut           9%         N/A       11%         2
c - Spider Form           Tmut/Pois      6%         N/A       34%         3

Your spell library contained the following spells:

 Spells                   Type           Power      Damage    Failure   Level
 Frozen Ramparts          Ice            2%         1d1       54%         3
 Ice Form                 Ice/Tmut       5%         N/A       77%         4
 Summon Ice Beast         Ice/Summ       1%         N/A       91%         4


Dungeon Overview and Level Annotations

Branches:
Dungeon (3/15)

Altars:
Gozag
Xom
Yredelemnul

Shops:
D:3 !

Annotations:
D:3 3 runed translucent doors, SgtSorry's ghost, amateur TeAE


Innate Abilities, Weirdness & Mutations

You have temporarily grown beastly horns and talons.
Your plain brown scales are hard. (AC +5)
You cannot fit into any form of body armour.
You are cold-blooded and may be slowed by cold attacks.


Message History

You hit the hobgoblin but do no damage. You claw the hobgoblin.
The hobgoblin is heavily wounded.
The hobgoblin misses you.
You closely miss the hobgoblin. Your punch misses the hobgoblin.
The hobgoblin is heavily wounded.
You barely miss the hobgoblin.
The hobgoblin is heavily wounded.
The hobgoblin closely misses you.
You hit the hobgoblin.
You kill the hobgoblin!
The dead are walking!
You hear the quick rusting of a drain nearby.
Your transformation is almost over.
Your horns disappear.
Your talons disappear.
Key pressed, stopping explore.
Unknown command.
Found an escape hatch in the floor.
You hear the quick rusting of a very distant drain.
Found a shimmering altar of Xom.
A gnoll comes into view. It is wielding a +0 flail.
The gnoll shouts!
Casting: Beastly Appendage (safe; 7% risk of failure)
Press: ? - help, Q - select action, (/) - cycle Dir - look around, f - activate You grow a pair of large bovine horns.
Your feet morph into talons.
You completely miss the gnoll. You claw the gnoll.
The gnoll is lightly wounded.
The gnoll barely misses you.
You hit the gnoll. Your headbutt misses the gnoll.
Your tail-slap misses the gnoll.
The gnoll is moderately wounded.
Your hobgoblin zombie hits the gnoll but does no damage.
The gnoll hits you with a +0 flail!
You closely miss the gnoll. You claw the gnoll.
The gnoll is moderately wounded.
The gnoll hits you with a +0 flail!
Your hobgoblin zombie hits the gnoll.
You hit the gnoll but do no damage.
The gnoll is heavily wounded.
The gnoll hits you with a +0 flail!
You die...
Your body rises from the dead as a mindless zombie.

### ###########
#######.#######......##.#
...................#.##.#
#######..####^####.#.##.Z
.........# ..... #...##.#
###.###..#.......#.#.##.#
......Z@#.......#......#
##.###.g#..._...#.#.##.#
#..#.......#.#.##.#
#..#.......#.#.##.# #..#
#....... #..# #.......
##.. ........ ...
....##.# #.#.....


You could see a gnoll (ally target) and a friendly hobgoblin zombie.

Vanquished Creatures
  7 ball pythons
  6 bats
  An endoplasm (D:1)
  2 goblins (D:1)
  2 hobgoblins
  3 jackals (D:1)
  2 quokkas
  2 frilled lizards
  3 kobolds
  5 rats
33 creatures vanquished.

Vanquished Creatures (collateral kills)
  2 ball pythons (D:1)
  A bat (D:1)
  A jackal (D:1)
  A frilled lizard (D:1)
5 creatures vanquished.

Vanquished Creatures (others)
  2 bat zombies (D:1)
2 creatures vanquished.

Grand Total: 40 creatures vanquished

Notes
Turn   | Place    | Note
-------+----------+-------------------------------------------
     0 | D:1      | smazza the Draconian Transmuter began the quest for the
                  | Orb.
     0 | D:1      | Reached XP level 1. HP: 16/16 MP: 3/3
    82 | D:1      | Found a faded altar of an unknown god.
    86 | D:1      | Prayed at the altar of an unknown god.
    86 | D:1      | Became a worshipper of Yredelemnul the Dark
    86 | D:1      | Reached * piety under Yredelemnul
   183 | D:1      | Reached XP level 2. HP: 23/23 MP: 3/5
   296 | D:1      | Reached ** piety under Yredelemnul
   437 | D:1      | Learned a level 2 spell: Wereblood
  1262 | D:2      | Reached XP level 3. HP: 24/28 MP: 4/6
  1266 | D:2      | Learned a level 3 spell: Spider Form
  1390 | D:2      | Identified the +0 pair of gloves of Lust {-Tele Harm rC+
                  | Str+8}
  1767 | D:3      | Found a runed translucent gate.
  1768 | D:3      | Found a runed translucent gate.
  1768 | D:3      | Found a runed translucent gate.
  1771 | D:3      | Found an opulent altar of Gozag.
  1773 | D:3      | Noticed SgtSorry's ghost (amateur TeAE)
  1943 | D:3      | Found Neommat's Distillery.
  1960 | D:3      | Found a faded altar of an unknown god.
  2320 | D:3      | Found a shimmering altar of Xom.
  2337 | D:3      | Slain by a gnoll

Illustrated notes

Levels and vault maps discovered:
D:1:      dpeg_arrival_arbitrary_a, layout_loops_cross,
          hellmonk_ecumenical_altar_heavens_door
D:2:      layout_basic
D:3:      minmay_general_purpose_star, layout_basic, lemuel_tele_altar,
          nicolae_overflow_ecumenical_swirl, serial_corexii_hall,
          chequers_hall_statues_corner_a, corexii_hall_statues_deadend,
          corexii_hall_statues_i, corexii_hall_statues_i, ebering_ghost_gozag,
          serial_shops, nicolae_square_shop, gup_sewer_entry_spiral, uniq_robin

Action                   || total
-------------------------++-------
Melee: Unarmed           ||    81
       Headbutt          ||     6
       Kick              ||     6
       Punch             ||     4
       Tailslap          ||     4
 Cast: Beastly Appendage ||    22
Invok: Recall Undead Har ||     1
 Stab: Distracted        ||     1
       Sleeping          ||     1
Armor: Skin              ||    20
Dodge: Dodged            ||    52
